 Dungeon Crawl Stone Soup version 0.25-a0-1079-g858b6a6ff6 (webtiles) character file.

Game seed: 2198425352721596149, levelgen mode: deterministic

4 Esekla the Magician (level 1, -3/11 HPs)
             Began as an Octopode Wizard on May 15, 2020.
             Slain by a goblin (6 damage)
             ... led by Robin
             ... on level 2 of the Dungeon.
             The game lasted 00:02:41 (277 turns).

Esekla the Magician (Octopode Wizard)                Turns: 277, Time: 00:02:42

Health: -3/11      AC:  1    Str:  6    XL:     1   Next: 70%
Magic:  12/13      EV: 13    Int: 20    God:
Gold:   11         SH:  0    Dex: 10    Spells: 5/6 levels left

rFire    . . .     SeeInvis .   d - +0 dagger
rCold    . . .     Gourm    .   (no shield)
rNeg     . . .     Faith    .   a - +0 hat
rPois    .         Spirit   .   (no amulet)
rElec    .         Reflect  .   e - ring of magical power
rCorr    .         Harm     .   (no ring)
MR       .....                  (no ring)
Stlth    +++.......             (no ring)
HPRegen  0.03/turn              (no ring)
MPRegen  0.13/turn              (no ring)
                                (no ring)
                                (no ring)

@: no status effects
A: almost no armour, stealthy swim, amphibious, 8 rings, constrict 8, camouflage
1, gelatinous body 1
a: no special abilities


You were on level 2 of the Dungeon.
You were not hungry.

You visited 1 branch of the dungeon, and saw 3 of its levels.

You collected 11 gold pieces.

Inventory:

Hand Weapons
 d - a +0 dagger (weapon)
Armour
 a - a +0 hat (worn)
Jewellery
 e - a ring of magical power (left tentacle)
Scrolls
 b - a scroll of teleportation {unknown}
Potions
 f - a potion of heal wounds {unknown}
 g - 2 potions of resistance {unknown}
Comestibles
 c - a ration


   Skills:
 * Level 0.2 Fighting
 + Level 2.0 Dodging
 - Level 2.6 Stealth
 * Level 3.1 Spellcasting
 * Level 1.1 Conjurations
   Level 1.0 Summonings
   Level 1.0 Translocations


You had 5 spell levels left.
You knew the following spells:

 Your Spells              Type           Power        Failure   Level  Hunger
a - Magic Dart            Conj           #...         9%          1    None

Your spell library contained the following spells:

 Spells                   Type           Power        Failure   Level  Hunger
 Blink                    Tloc           N/A          14%         2    ##.....
 Call Imp                 Summ           #.......     14%         2    ##.....
 Slow                     Hex            #.......     22%         2    ##.....
 Conjure Flame            Conj/Fire      #.......     32%         3    ###....
 Mephitic Cloud           Conj/Pois/Air  #.......     34%         3    ###....


Dungeon Overview and Level Annotations

Branches:
Dungeon (3/15)

Altars:
Trog
Zin

Annotations:
D:3 Robin


Innate Abilities, Weirdness & Mutations

You cannot wear most types of armour.
You are very stealthy in the water. (Stealth+)
You are amphibious.
You can wear up to eight rings at the same time.
You can use your tentacles to constrict eight enemies at once.
Your skin changes colour to match your surroundings (Stealth+).
Your rubbery body absorbs attacks. (AC +1, EV +1)


Message History

You kill the goblin!
The goblin hits you with a +0 club.
A goblin comes into view. It is wielding a +0 dagger. x2
Unknown command.
A bat comes into view.
Robin throws the goblin at you! The goblin barely misses you.
The goblin hits you with a +0 club.
* * * LOW HITPOINT WARNING * * *
The bat moves out of view.
There is a stone staircase leading up here.
Items here: (( ))))
The goblin misses you.
You climb upwards.
There is a stone staircase leading down here.
You hit the goblin. You grab the goblin. You squeeze the goblin.
You kill the goblin!
You barely miss the goblin. Your grab misses the goblin.
Your squeeze misses the goblin. The goblin hits you.
Ouch! That really hurt!
You die...

.# . .# ... ####.## ....
##..... ..... ##.8..#
####...## #....###
........##.8..#.# #...
#.>#@...'_# #..l
##.g.8..#.#
...#...###.#....###
#............8..#.
.......##...........
####... #............
.....##............
#.#.................
.......................#


You could see a goblin (strong).

Vanquished Creatures
  2 frilled lizards (D:2)
  3 goblins
5 creatures vanquished.

Notes
Turn   | Place    | Note
-------+----------+-------------------------------------------
     0 | D:1      | Esekla the Octopode Wizard began the quest for the Orb.
     0 | D:1      | Reached XP level 1. HP: 11/11 MP: 4/4
    94 | D:2      | Found a bloodstained altar of Trog.
   255 | D:2      | Found a glowing silver altar of Zin.
   264 | D:3      | Noticed Robin
   277 | D:2      | Slain by a goblin

Illustrated notes

Levels and vault maps discovered:
D:1:      wheals_arrival_linesprint, layout_basic
D:2:      layout_rooms, bloody_trog, zin_statuary,
          nicolae_overflow_hidden_temple, first_ration, st_stairs_4
D:3:      layout_loops_ring, grunt_qazlal_sundering, uniq_robin, uniq_natasha

Action                   || total
-------------------------++-------
Melee: Dagger            ||     4
       Constrict         ||     3
       Tentacles         ||     2
       Unarmed           ||     1
 Cast: Magic Dart        ||     4
Armor: Skin              ||     1
Dodge: Dodged            ||     2

Table legend:
 A = Non-vault XP
 B = Vault XP
 C = Vault XP percentage of total XP
 D = Non-vault monster count
 E = Vault monster count
 F = Vault count percentage of total count
                 A         B        C        D         E       F
            +---------+---------+-------+---------+---------+-------
      Total |       2 |       5 |  71.4 |       2 |       3 |  60.0
            +---------+---------+-------+---------+---------+-------
        D:2 |       2 |       2 |  50.0 |       2 |       1 |  33.3
        D:3 |       0 |       3 | 100.0 |       0 |       2 | 100.0
            +---------+---------+-------+---------+---------+-------
